 Dungeon Crawl Stone Soup version 0.29-a0-359-g541a27f54d (webtiles) character file.

Game seed: 3402033219858398229

198 Agony the Grave Robber (level 5, 0/35 HPs)
             Began as a Mummy Necromancer on Apr 28, 2022.
             Slain by an adder (2 damage)
             ... on level 3 of the Dungeon.
             The game lasted 00:13:45 (3477 turns).

Agony the Grave Robber (Mummy Necromancer)          Turns: 3477, Time: 00:13:45

Health: 0/35       AC:  3    Str: 11    XL:     5   Next: 47%
Magic:  0/11       EV: 12    Int: 16    God:
Gold:   190        SH:  0    Dex: 13    Spells: 10/12 levels left

rFire   x . .      SeeInvis .   c - +0 falchion
rCold   + . .      Faith    .   (no shield)
rNeg    + + +      Spirit   .   a - +0 robe
rPois   ∞          Reflect  .   d - +0 helmet
rElec   .          Harm     .   (no cloak)
rCorr   .          Rampage  .   (no gloves)
Will    .....                   (no boots)
Stlth   ++........              (no amulet)
HPRegen 0.11/turn               (no ring)
MPRegen 0.12/turn               (no ring)

@: no status effects
A: cold resistance 1, negative energy resistance 3, torment resistance 2, heat
vulnerability 1, in touch with death 1, no potions
a: no special abilities


You were on level 3 of the Dungeon.
You visited 1 branch of the dungeon, and saw 4 of its levels.

You collected 190 gold pieces.

Inventory:

Hand Weapons
 c - a +0 falchion (weapon)
Armour
 a - a +0 robe (worn)
 d - a +0 helmet (worn)
 j - a +1 leather armour of willpower
Scrolls
 b - a scroll of enchant armour
 f - a scroll of torment
 g - 4 scrolls of teleportation
 h - a scroll of brand weapon {unknown}
 i - a scroll of vulnerability {unknown}
 l - a scroll of amnesia {unknown}


   Skills:
 + Level 1.0 Armour
 + Level 2.5 Dodging
 + Level 2.6 Stealth
 + Level 4.0 Spellcasting
 * Level 5.0 Necromancy


You had 10 spell levels left.
You knew the following spells:

 Your Spells              Type           Power      Damage    Failure   Level
a - Pain                  Necr           100%       1d9       2%          1
b - Animate Skeleton      Necr           58%        N/A       2%          1

Your spell library contained the following spells:

 Spells                   Type           Power      Damage    Failure   Level
 Vampiric Draining        Necr           29%        2d8       6%          3
 Animate Dead             Necr           14%        N/A       22%         4
 Agony                    Necr           29%        N/A       52%         5


Dungeon Overview and Level Annotations

Branches:
Dungeon (4/15)
 Temple: D:4-7

Altars:
Vehumet

Shops:
D:2 (

Annotations:
D:3 exclusion: statue


Innate Abilities, Weirdness & Mutations

You are immune to poison.
Your flesh is cold resistant. (rC+)
You are immune to negative energy. (rN+++)
You are immune to unholy pain and torment.
You are vulnerable to heat. (rF-)
You are in touch with the powers of death.
You do not drink.


Message History

You completely miss the adder.
The adder is heavily wounded.
The adder barely misses you. The adder bites you.
You closely miss the adder.
The adder is heavily wounded.
The adder bites you.
You closely miss the adder.
The adder is heavily wounded.
The adder bites you. The adder barely misses you.
You miss the adder.
The adder is heavily wounded.
The adder bites you. x2
* * * LOW HITPOINT WARNING * * *
You barely miss the adder.
The adder is heavily wounded.
The adder bites you.
* * * LOW HITPOINT WARNING * * *
As you read the scroll of fear, it crumbles to dust.
You assume a fearsome visage.
The adder looks frightened!
Aiming: Pain (safe; 2% risk of failure)
Press: ? - help, Q - select action, (/) - cycle Shift-Dir - straight line, f - adder
Aim: an adder (heavily wounded, fleeing, chance to affect: 88%)
You feel a surge of power!
Your attack snaps the adder out of its fear.
The adder writhes in agony.
You don't have enough magic to cast this spell.
Aiming: Pain (safe; 2% risk of failure)
Press: ? - help, Q - select action, (/) - cycle Shift-Dir - straight line, f/p - adder
Aim: an adder (heavily wounded, chance to affect: 88%)
You feel a surge of power!
The adder barely resists.
The adder closely misses you.
Unknown command.
You miss the adder.
The adder is heavily wounded.
The adder closely misses you. The adder bites you.
* * * LOW HITPOINT WARNING * * *
You barely miss the adder.
The adder is heavily wounded.
The adder bites you.
You die...

#...##........# ####..........
#.............###....##..#....
#...##..>.....#...#####.##....
#.).##....)..)..####..........
##.###...............#......##
#.# #........#######..#.####
#.###.......># ##..†...#
#..##.......S# ##..##.###
##.##.......@# #......#######
#.#...####### #####.......>.
###...### ####....########
#.......# #....#### #.......#
###### #.......# #########


You could see an adder.

Vanquished Creatures
  A hound (D:3)
  2 iguanas (D:4)
  3 adders
  3 dart slugs
  2 worms (D:2)
  7 orcs
  3 endoplasms
  5 giant cockroaches
  2 goblins (D:3)
  8 hobgoblins
  6 kobolds
  6 quokkas
  8 ball pythons
  6 bats
  4 frilled lizards
  7 rats
73 creatures vanquished.

Notes
Turn   | Place    | Note
-------+----------+-------------------------------------------
     0 | D:1      | Agony the Mummy Necromancer began the quest for the Orb.
     0 | D:1      | Reached XP level 1. HP: 13/13 MP: 4/4
   188 | D:1      | Found a faded altar of an unknown god.
   194 | D:1      | Reached XP level 2. HP: 19/19 MP: 3/5
   727 | D:2      | Gained mutation: You are in touch with the powers of death.
                  | [Mummy growth]
   727 | D:2      | Reached XP level 3. HP: 20/24 MP: 2/7
   986 | D:2      | Found Jerek's Antique Weapon Shop.
  1899 | D:3      | Reached XP level 4. HP: 27/30 MP: 6/9
  2753 | D:3      | Found a radiant altar of Vehumet.
  2753 | D:3      | Noticed a frost-covered statue
  2818 | D:3      | Noticed an ogre
  2953 | D:4      | Reached XP level 5. HP: 35/35 MP: 0/10
  3094 | D:4      | Noticed a phantom
  3369 | D:3      | Learned a level 1 spell: Animate Skeleton
  3463 | D:3      | Reached skill level 1 in Armour
  3463 | D:3      | Reached skill level 5 in Necromancy
  3477 | D:3      | Slain by an adder

Illustrated notes

Levels and vault maps discovered:
D:1:      minmay_arrival_nine_rooms, layout_rooms,
          hellmonk_ecumenical_altar_pennies_from_heaven, minivault_25,
          minmay_pentomino_p2
D:2:      layout_loops_ring, serial_shops, shop
D:3:      layout_rooms, vehumet_statue, marbit_many_paths, minmay_quadrilaterals
D:4:      layout_basic, dancing_weapons_uskayaw, nicolae_inconvenience_store

Skill      XL: |  1  2  3  4  5 |
---------------+----------------+-----
Spellcasting   | 3 4 |  4.0
Stealth        | 2 |  2.6
Dodging        | 2 |  2.5
Armour         | 1 |  1.0
Necromancy     | 5 |  5.0

Action                   |  1- 3 |  4- 6 || total
-------------------------+-------+-------++-------
Melee: Falchion          |    34 |    26 ||    60
 Cast: Pain              |    74 |    60 ||   134
       Animate Skeleton  |       |     1 ||     1
  Use: Scroll            |     2 |     3 ||     5
Armor: Robe              |     6 |    12 ||    18
Dodge: Dodged            |    24 |    32 ||    56

Table legend: (Time is in decaauts)
 A = Elapsed time spent in this place.
 B = Non-inter-level travel time spent in this place.
 C = Inter-level travel time spent in this place.
 D = Time resting spent in this place.
 E = Time spent auto-exploring this place.
 F = Levels seen in this place.
 G = Mean time per level.
                   A        B        C        D        E       F      G
               +--------+--------+--------+--------+--------+-----+--------+
         Total |   3497 |   3325 |    172 |    875 |   1902 |   4 |  874.2 |
       Dungeon |   3497 |   3325 |    172 |    875 |   1902 |   4 |  874.2 |
               +--------+--------+--------+--------+--------+-----+--------+

Top non-repeatable levels by time:
     D:3: 1590 daAuts
     D:2: 925 daAuts
     D:1: 716 daAuts
     D:4: 266 daAuts
